 Dungeon Crawl Stone Soup version 0.30-a0-12-gd8047c6341 (webtiles) character file.

Game seed: 12641105615052637953

544 Newt the Vexing (level 7, 0/75 HPs)
             Began as a Demonspawn Gladiator on Aug 23, 2022.
             Succumbed to a scorpion's poison
             ... on level 5 of the Dungeon.
             The game lasted 00:05:40 (4009 turns).

Newt the Vexing (Demonspawn Gladiator)              Turns: 4009, Time: 00:05:41

Health: 0/75       AC: 23    Str: 16    XL:     7   Next: 6%
Magic:  13/13      EV:  2    Int:  9    God:
Gold:   130        SH:  4    Dex: 17    Spells: 13/14 levels left

rFire   . . .      SeeInvis .    k - +0 dagger (venom)
rCold   . . .      Faith    .    (no shield)
rNeg    + . .      Spirit   .    (body armour currently unavailable)
rPois   +          Reflect  .    (helmet currently unavailable)
rElec   .          Harm     .    (cloak currently unavailable)
rCorr   .          Rampage  .    (gloves currently unavailable)
Will    .....      NoTele   +    (boots currently unavailable)
Stlth   +++.......               (no amulet)
HPRegen 0.22/turn                h - ring of positive energy
MPRegen 0.13/turn                (no ring)

@: lethally poisoned (0 -> -10), tree-form
A: stationary, stasis, torment immunity, boosted hp, thin skeletal structure 1,
condensation shield, (demonic touch 2)
a: no special abilities


You were on level 5 of the Dungeon.
You were a tree.
You visited 1 branch of the dungeon, and saw 5 of its levels.

You collected 130 gold pieces.

Inventory:

Hand Weapons
 a - a +0 rapier
 k - a +0 dagger of venom (weapon)
 p - a +4 hand axe of flaming
Missiles
 e - a javelin (quivered)
 m - 2 poisoned darts
Armour
 b - a +0 leather armour (melded)
 c - a +1 helmet (melded)
 o - a +0 cloak (melded)
Jewellery
 h - a ring of positive energy (left branch)
Scrolls
 d - a scroll of fog
 f - a scroll of identify
 l - a scroll of teleportation
Potions
 i - a potion of magic


   Skills:
 - Level 2.0 Fighting
 - Level 2.6 Short Blades
 + Level 2.8 Axes
 - Level 1.7 Throwing
 - Level 2.6 Dodging
 - Level 2.0 Stealth
 - Level 4.0 Spellcasting
 - Level 4.0 Hexes


You had 13 spell levels left.
You knew the following spells:

 Your Spells              Type           Power      Damage    Failure   Level
a - Slow                  Hex            36%        N/A       5%          1

Your spell library contained the following spells:

 Spells                   Type           Power      Damage    Failure   Level
 Confusing Touch          Hex            9%         N/A       16%         3
 Vampiric Draining        Necr           1%         2d6       63%         3


Dungeon Overview and Level Annotations

Branches:
Dungeon (5/15)             Temple (0/1) D:4

Altars:
Cheibriados


Innate Abilities, Weirdness & Mutations

You are a tree.
Your roots penetrate the ground, keeping you stationary.
You cannot be teleported.
You are immune to unholy pain and torment.
Your maximum health is greatly increased.
Your equipment is partially melded.
You have a somewhat thin skeletal structure. (Dex +2, Stealth+)
A meltable shield of frost defends you. (SH +4)
((Your touch may inflict irresistible damage on your foes.))


Message History

A scorpion is nearby!
Items here: $ )) ? [.
Things that are here:
a +0 short sword; a +0 short sword; a +0 club The scorpion stings you.
You are poisoned.
The scorpion poisons you!
You hit the scorpion but do no damage.
You feel sick. The scorpion stings you.
* * * LOW HITPOINT WARNING * * *
Throw: 2 throwing nets
Press: ? - help, Q - select action, (/) - cycle Shift-Dir - straight line, f - scorpion
Aim: a scorpion (60% to hit)
You throw a throwing net.
The throwing net closely misses the scorpion.
You feel sick. The scorpion stings you.
* * * LOW HITPOINT WARNING * * *
You are lethally poisoned!
The scorpion poisons you!
Throw: throwing net
Press: ? - help, Q - select action, (/) - cycle Shift-Dir - straight line, f/p - scorpion
Aim: a scorpion (60% to hit)
You throw a throwing net. The throwing net hits the scorpion.
The scorpion is caught in the net!
* * * LOW HITPOINT WARNING * * *
You feel very sick.
The scorpion struggles against the net.
Really quaff the potion of lignification?
Okay, then.
There is a lethal amount of poison in your body!
Really quaff the potion of lignification?
You turn into a tree.
Your +0 cloak melds into your body.
Your +1 helmet melds into your body.
Your +0 leather armour melds into your body.
Your roots penetrate the ground.
* * * LOW HITPOINT WARNING * * *
You feel very sick.
The scorpion struggles against the net.
Unknown command.
You hit the scorpion but do no damage.
The scorpion is poisoned.
You die... ...###.........# ..S ###.#.....# #.. #.##....# . #.. #.##....# .P #..####......#### PP.

#.....#####.....#.#
PP._...###.# ##........#
PP...#####.###...........
.PP$....†)))♣s.(####.....
..P.....#####..## #.(.#
..PP....# ##..^. ....
PP...g# ####... .#.
P..P.h..# #.. ........# .
......g.. ##......#
#......#


You could see a scorpion (caught, very poisoned).

Vanquished Creatures
  Duvessa (D:4)
  A scorpion (D:4)
  Dowan (D:3)
  A howler monkey (D:5)
  3 orc priests (D:5)
  A hound (D:4)
  An iguana (D:5)
  2 orc wizards
  2 gnolls (D:5)
  An adder (D:5)
  A worm (D:2)
  3 dart slugs
  6 orcs
  8 ball pythons
  4 bats
  6 endoplasms
  A giant cockroach (D:1)
  11 goblins
  8 hobgoblins
  A quokka (D:4)
  3 frilled lizards
  7 kobolds
  3 rats
76 creatures vanquished.

Notes
Turn   | Place    | Note
-------+----------+-------------------------------------------
     0 | D:1      | Newt the Demonspawn Gladiator began the quest for the Orb.
     0 | D:1      | Reached XP level 1. HP: 16/16 MP: 1/1
    67 | D:1      | Reached skill level 1 in Stealth
   272 | D:1      | Found a faded altar of an unknown god.
   274 | D:1      | Gained mutation: Your touch may inflict minor irresistible
                  | damage on your foes. [demonic ancestry]
   274 | D:1      | Reached XP level 2. HP: 21/22 MP: 2/2
   864 | D:2      | Reached skill level 1 in Hexes
  1101 | D:2      | Gained mutation: You have a somewhat thin skeletal
                  | structure. (Dex +2, Stealth+) [demonic ancestry]
  1101 | D:2      | Reached XP level 3. HP: 13/27 MP: 3/3
  2427 | D:3      | Reached XP level 4. HP: 26/33 MP: 4/4
  2528 | D:3      | You fall into a shaft and drop 1 floor!
  2531 | D:4      | Learned a level 1 spell: Slow
  2636 | D:4      | Noticed Dowan
  2637 | D:4      | Noticed a scorpion
  2647 | D:4      | Noticed Duvessa
  2659 | D:4      | Killed a scorpion
  2660 | D:4      | Reached skill level 1 in Spellcasting
  2660 | D:4      | Reached XP level 5. HP: 38/38 MP: 0/6
  2664 | D:4      | Killed Duvessa
  2679 | D:3      | Killed Dowan
  2680 | D:3      | Gained mutation: A meltable shield of frost defends you.
                  | (SH +4) [demonic ancestry]
  2680 | D:3      | Reached XP level 6. HP: 20/44 MP: 2/11
  3144 | D:4      | Found a staircase to the Ecumenical Temple.
  3770 | D:5      | Entered Level 5 of the Dungeon
  3800 | D:5      | Reached skill level 1 in Axes
  3880 | D:5      | Found a snail-covered altar of Cheibriados.
  3983 | D:5      | Gained mutation: Your touch may inflict irresistible damage
                  | on your foes. [demonic ancestry]
  3983 | D:5      | Reached XP level 7. HP: 19/50 MP: 13/13
  4008 | D:5      | HP: 2/75 [poisoned by a scorpion]
  4009 | D:5      | Succumbed to a scorpion's poison

Illustrated notes

Levels and vault maps discovered:
D:1:      nzn_arrival_water_spiral, layout_basic, shapermc_ecumenical_altar_venn
D:2:      layout_loops_cross, nicolae_hexahallways
D:3:      layout_basic, mainiacjoe_overflow_alcove_2
D:4:      layout_basic, minmay_temple_entry_glassed_door,
          minmay_misc_feat_doors, nicolae_eternal_life, uniq_duvessa
D:5:      layout_rooms, mainiacjoe_overflow_catch_the_wave, lemuel_tele_altar,
          minmay_ruined_shrine, uniq_pikel

Skill      XL: |  1  2  3  4  5  6 |
---------------+-------------------+-----
Stealth        | 1 2 |  2.0
Hexes          | 1 3 4 |  4.0
Spellcasting   | 1 3 4 |  4.0
Axes           | 2 |  2.8
Fighting       | |  2.0
Short Blades   | |  2.6
Throwing       | |  1.7
Dodging        | |  2.6

Action                   |  1- 3 |  4- 6 |  7- 9 || total
-------------------------+-------+-------+-------++-------
Melee: Rapier            |    67 |       |       ||    67
       Touch             |    14 |    19 |       ||    33
       Dagger            |    41 |    72 |     7 ||   120
Throw: Throwing net      |     3 |       |     2 ||     5
       Javelin           |       |     1 |       ||     1
 Cast: Slow              |       |     5 |       ||     5
  Use: Scroll            |     6 |     3 |       ||     9
       Potion            |       |     2 |     1 ||     3
 Stab: Sleeping          |    14 |     2 |       ||    16
       Held in net/web   |     2 |       |       ||     2
Armor: Leather armour    |    21 |    23 |     2 ||    46
Dodge: Dodged            |    54 |    34 |     1 ||    89
Block: Other             |       |     7 |     1 ||     8

Table legend: (Time is in decaauts)
 A = Elapsed time spent in this place.
 B = Non-inter-level travel time spent in this place.
 C = Inter-level travel time spent in this place.
 D = Time resting spent in this place.
 E = Time spent auto-exploring this place.
 F = Levels seen in this place.
 G = Mean time per level.
                   A        B        C        D        E       F      G
               +--------+--------+--------+--------+--------+-----+--------+
         Total |   4011 |   3954 |     57 |    933 |   2437 |   5 |  802.2 |
       Dungeon |   4011 |   3954 |     57 |    933 |   2437 |   5 |  802.2 |
               +--------+--------+--------+--------+--------+-----+--------+

Top non-repeatable levels by time:
     D:2: 1354 daAuts
     D:4: 969 daAuts
     D:1: 848 daAuts
     D:3: 606 daAuts
     D:5: 233 daAuts
